[ AOE2 MATCH · #506624220 ]
UnrankedPersians vs Sicilians
Player's team · WIN
Rival team · LOSS
[ REPLAY ANALYSIS · EXTRACTED FROM THE RECORDED GAME ]
Feudal
11:34
Castle
24:05
Imperial
—
| APM avg | 73.4 |
| APM peak | 123 |
| eAPM avg | 31.9 |
| Villagers / military | 59 / 29 |
Focus
⚔️ 59.0% · 🌾 41.0%
Archer ×26 · Militia ×3
Feudal
11:23
Castle
—
Imperial
—
| APM avg | 52.7 |
| APM peak | 70 |
| eAPM avg | 33.8 |
| Villagers / military | 68 / 21 |
Focus
⚔️ 45.4% · 🌾 54.6%
Serjeant ×21
Match map
Initial resources + every placement click. Lines = walls · curves = elevation contours. ◆ gold · ⬟ stone · ● berries · ✦ relic · ◌ wall gap
Your base· Open — unwalled flank
Chili's base· Open — 4t gap
Smoothed initial terrain · ◌ = detected wall gap · hover for details
Inputs per minute
— Mr_PrIMeZ - - Chili
Build order — Mr_PrIMeZ
First 150 of 193 actions detected
| 0:00 | Queue | Villager (Male) ×5 |
| 0:00 | Queue | Villager (Male) ×5 |
| 0:02 | Build | House |
| 0:03 | Build | House |
| 1:41 | Queue | Villager (Male) |
| 1:41 | Queue | Villager (Male) |
| 1:46 | Build | Barracks |
| 1:52 | Queue | Villager (Male) |
| 2:05 | Build | House |
| 2:18 | Queue | Villager (Male) |
| 2:18 | Queue | Villager (Male) |
| 2:26 | Research | Loom |
| 2:29 | Queue | Villager (Male) |
| 2:29 | Queue | Villager (Male) |
| 2:47 | Queue | Militia |
| 2:59 | Queue | Villager (Male) |
| 3:10 | Queue | Villager (Male) |
| 3:12 | Queue | Militia |
| 3:31 | Queue | Militia |
| 3:45 | Queue | Villager (Male) |
| 4:13 | Queue | Villager (Male) |
| 4:41 | Queue | Villager (Male) |
| 4:43 | Build | House |
| 4:46 | Build | House |
| 5:07 | Queue | Villager (Male) |
| 5:08 | Queue | Villager (Male) |
| 5:08 | Queue | Villager (Male) |
| 5:49 | Build | Palisade Wall |
| 5:52 | Queue | Villager (Male) |
| 5:53 | Queue | Villager (Male) |
| 6:08 | Queue | Villager (Male) |
| 6:20 | Build | House |
| 6:21 | Build | Palisade Wall |
| 6:22 | Build | Palisade Wall |
| 6:22 | Build | Palisade Wall |
| 6:22 | Build | Palisade Wall |
| 6:22 | Build | Palisade Wall |
| 6:23 | Build | Palisade Wall |
| 6:48 | Queue | Villager (Male) |
| 6:48 | Queue | Villager (Male) |
| 6:50 | Build | Mill |
| 7:15 | Queue | Villager (Male) |
| 7:20 | Build | House |
| 7:35 | Build | Palisade Wall |
| 7:39 | Build | Palisade Wall |
| 7:39 | Build | Palisade Wall |
| 7:40 | Build | Palisade Wall |
| 7:41 | Build | Palisade Wall |
| 7:51 | Queue | Villager (Male) |
| 7:59 | Queue | Villager (Male) |
| 8:19 | Build | House |
| 9:01 | Queue | Villager (Male) |
| 9:30 | Research | Feudal Age |
| 11:02 | Build | Lumber Camp |
| 11:20 | Build | Palisade Wall |
| 11:34 | Age | Feudal Age |
| 11:37 | Queue | Villager (Male) |
| 11:37 | Queue | Villager (Male) |
| 11:40 | Build | Mining Camp |
| 11:58 | Queue | Villager (Male) |
| 12:03 | Research | Double-Bit Axe |
| 12:16 | Build | Palisade Wall |
| 12:39 | Build | Archery Range |
| 12:41 | Queue | Villager (Male) |
| 13:00 | Build | Palisade Wall |
| 13:07 | Build | Lumber Camp |
| 13:12 | Build | Palisade Wall |
| 13:12 | Build | Palisade Wall |
| 13:13 | Build | Palisade Wall |
| 13:15 | Queue | Villager (Male) |
| 13:19 | Build | Palisade Wall |
| 13:22 | Build | Palisade Wall |
| 13:24 | Queue | Villager (Male) |
| 13:29 | Build | Palisade Wall |
| 13:45 | Queue | Archer |
| 13:46 | Queue | Archer |
| 13:52 | Build | House |
| 13:54 | Queue | Archer |
| 13:54 | Queue | Villager (Male) |
| 14:03 | Build | Palisade Wall |
| 14:10 | Queue | Villager (Male) |
| 14:13 | Build | Farm |
| 14:19 | Queue | Archer |
| 14:21 | Queue | Villager (Male) |
| 14:40 | Build | Palisade Gate |
| 14:50 | Queue | Villager (Male) |
| 15:00 | Build | Palisade Gate |
| 15:05 | Queue | Villager (Male) |
| 15:06 | Build | Farm |
| 15:06 | Build | Farm |
| 15:07 | Build | Farm |
| 15:07 | Build | Farm |
| 15:07 | Build | Farm |
| 15:22 | Queue | Villager (Male) |
| 15:25 | Build | House |
| 15:26 | Queue | Villager (Male) |
| 15:46 | Build | Archery Range |
| 15:54 | Queue | Villager (Male) |
| 15:56 | Build | Farm |
| 16:06 | Queue | Archer |
| 16:07 | Queue | Archer |
| 16:11 | Queue | Archer |
| 16:13 | Build | House |
| 16:21 | Build | Palisade Wall |
| 16:22 | Build | Palisade Wall |
| 16:25 | Queue | Archer |
| 16:40 | Build | Blacksmith |
| 16:48 | Queue | Villager (Male) |
| 16:55 | Build | Lumber Camp |
| 17:09 | Research | Fletching |
| 17:10 | Queue | Archer |
| 17:10 | Queue | Archer |
| 17:13 | Build | House |
| 17:21 | Build | House |
| 17:28 | Queue | Villager (Male) |
| 17:30 | Queue | Villager (Male) |
| 17:38 | Queue | Archer |
| 17:38 | Queue | Archer |
| 17:46 | Build | Farm |
| 17:47 | Build | Farm |
| 17:47 | Build | Farm |
| 17:47 | Build | Farm |
| 17:47 | Build | Farm |
| 17:48 | Build | Farm |
| 17:48 | Build | Farm |
| 18:18 | Queue | Villager (Male) |
| 18:19 | Queue | Villager (Male) |
| 18:24 | Build | Mill |
| 18:24 | Build | Farm |
| 18:25 | Build | Farm |
| 18:25 | Build | Farm |
| 18:25 | Build | Farm |
| 18:25 | Build | Farm |
| 18:25 | Build | Farm |
| 18:37 | Build | Watch Tower |
| 18:40 | Queue | Archer |
| 18:43 | Queue | Villager (Male) |
| 19:09 | Queue | Archer |
| 19:15 | Build | Palisade Wall |
| 19:16 | Build | Palisade Wall |
| 19:17 | Build | Palisade Wall |
| 19:22 | Build | Palisade Wall |
| 19:30 | Queue | Archer |
| 19:31 | Queue | Villager (Male) |
| 19:32 | Build | Farm |
| 19:33 | Build | Farm |
| 19:33 | Build | Farm |
| 19:33 | Build | Farm |
| 19:33 | Build | Farm |
| 19:35 | Queue | Archer |
Build order — Chili
First 150 of 153 actions detected
| 0:01 | Queue | Villager (Male) |
| 0:01 | Queue | Villager (Male) |
| 0:04 | Build | House |
| 0:06 | Build | House |
| 0:08 | Queue | Villager (Male) |
| 0:08 | Queue | Villager (Male) |
| 0:08 | Queue | Villager (Male) |
| 1:32 | Queue | Villager (Male) |
| 1:32 | Queue | Villager (Male) |
| 2:07 | Queue | Villager (Male) |
| 2:08 | Queue | Villager (Male) |
| 2:20 | Build | Lumber Camp |
| 2:33 | Queue | Villager (Male) |
| 2:33 | Queue | Villager (Male) |
| 2:36 | Queue | Villager (Male) |
| 2:36 | Queue | Villager (Male) |
| 3:03 | Queue | Villager (Male) |
| 3:03 | Queue | Villager (Male) |
| 3:17 | Queue | Villager (Male) |
| 3:17 | Queue | Villager (Male) |
| 3:27 | Build | House |
| 3:32 | Queue | Villager (Male) |
| 4:02 | Queue | Villager (Male) |
| 4:24 | Queue | Villager (Male) |
| 4:35 | Build | Palisade Wall |
| 4:48 | Queue | Villager (Male) |
| 4:48 | Queue | Villager (Male) |
| 5:08 | Queue | Villager (Male) |
| 5:09 | Queue | Villager (Male) |
| 5:14 | Build | Palisade Wall |
| 5:49 | Queue | Villager (Male) |
| 5:56 | Queue | Villager (Male) |
| 6:07 | Research | Loom |
| 6:25 | Queue | Villager (Male) |
| 6:39 | Build | Palisade Wall |
| 6:51 | Queue | Villager (Male) |
| 7:07 | Queue | Villager (Male) |
| 7:20 | Build | Donjon |
| 7:20 | Queue | Villager (Male) |
| 7:38 | Build | House |
| 7:52 | Queue | Villager (Male) |
| 8:14 | Queue | Villager (Male) |
| 8:36 | Build | Mill |
| 8:42 | Build | Palisade Gate |
| 8:44 | Build | Palisade Wall |
| 8:48 | Queue | Villager (Male) |
| 9:02 | Research | Feudal Age |
| 9:50 | Queue | Villager (Male) |
| 10:08 | Build | Palisade Wall |
| 10:32 | Build | Mining Camp |
| 10:34 | Build | House |
| 11:12 | Build | House |
| 11:23 | Age | Feudal Age |
| 11:26 | Queue | Serjeant |
| 11:26 | Queue | Serjeant |
| 11:27 | Queue | Villager (Male) |
| 11:32 | Research | Double-Bit Axe |
| 11:45 | Build | House |
| 11:47 | Build | Palisade Wall |
| 11:53 | Queue | Villager (Male) |
| 11:58 | Build | Farm |
| 12:15 | Build | Palisade Wall |
| 12:22 | Queue | Serjeant |
| 12:23 | Queue | Villager (Male) |
| 12:23 | Queue | Villager (Male) |
| 12:25 | Build | Farm |
| 12:26 | Build | Farm |
| 12:45 | Queue | Villager (Male) |
| 12:53 | Build | Palisade Wall |
| 12:53 | Build | Palisade Wall |
| 13:00 | Build | Farm |
| 13:21 | Queue | Villager (Male) |
| 13:24 | Build | Farm |
| 13:43 | Research | Horse Collar |
| 13:47 | Build | Farm |
| 13:49 | Build | House |
| 13:51 | Build | Palisade Wall |
| 13:57 | Build | Palisade Wall |
| 14:05 | Queue | Villager (Male) |
| 14:19 | Queue | Villager (Male) |
| 14:40 | Queue | Villager (Male) |
| 15:03 | Queue | Villager (Male) |
| 15:05 | Build | Farm |
| 15:05 | Build | Farm |
| 15:25 | Build | House |
| 15:28 | Queue | Villager (Male) |
| 15:29 | Build | Market |
| 16:12 | Build | House |
| 16:13 | Build | Palisade Wall |
| 16:20 | Queue | Serjeant |
| 16:20 | Queue | Serjeant |
| 16:24 | Queue | Serjeant |
| 16:42 | Queue | Villager (Male) |
| 16:58 | Queue | Villager (Male) |
| 17:03 | Queue | Serjeant |
| 17:06 | Build | Blacksmith |
| 17:19 | Queue | Villager (Male) |
| 17:21 | Queue | Serjeant |
| 17:33 | Research | Scale Mail Armor |
| 17:33 | Research | Scale Mail Armor |
| 17:36 | Queue | Serjeant |
| 17:44 | Build | Donjon |
| 18:04 | Queue | Serjeant |
| 18:05 | Queue | Villager (Male) |
| 18:10 | Build | Gate |
| 18:17 | Queue | Serjeant |
| 18:19 | Build | House |
| 18:33 | Build | Lumber Camp |
| 18:40 | Queue | Villager (Male) |
| 19:00 | Queue | Villager (Male) |
| 19:25 | Queue | Villager (Male) |
| 19:38 | Queue | Villager (Male) |
| 19:44 | Queue | Villager (Male) |
| 19:53 | Queue | Serjeant |
| 20:02 | Queue | Villager (Male) |
| 20:25 | Research | Fletching |
| 20:28 | Build | Farm |
| 20:30 | Build | Farm |
| 20:31 | Build | Farm |
| 20:32 | Build | Farm |
| 20:33 | Build | Farm |
| 20:34 | Build | Farm |
| 20:48 | Queue | Villager (Male) |
| 20:48 | Queue | Villager (Male) |
| 20:51 | Build | Farm |
| 20:54 | Build | Farm |
| 21:18 | Build | House |
| 21:21 | Build | Palisade Wall |
| 21:23 | Queue | Villager (Male) |
| 21:33 | Queue | Villager (Male) |
| 21:33 | Queue | Villager (Male) |
| 21:42 | Build | Farm |
| 21:44 | Build | Farm |
| 21:46 | Build | Farm |
| 21:49 | Build | Farm |
| 21:54 | Queue | Villager (Male) |
| 22:20 | Queue | Villager (Male) |
| 22:23 | Queue | Villager (Male) |
| 22:31 | Queue | Villager (Male) |
| 22:38 | Queue | Serjeant |
| 22:38 | Queue | Serjeant |
| 22:56 | Queue | Serjeant |
| 23:00 | Queue | Villager (Male) |
| 23:27 | Queue | Serjeant |
| 23:28 | Queue | Serjeant |
| 23:29 | Queue | Villager (Male) |
| 23:42 | Queue | Villager (Male) |
| 23:45 | Queue | Serjeant |
| 23:45 | Queue | Serjeant |
| 24:02 | Queue | Serjeant |
Match timeline
| 1:46 | Mr_PrIMeZ · first_building Barracks |
| 4:35 | Chili · wall_segment Palisade Wall x4 |
| 5:14 | Chili · wall_segment Palisade Wall x3 |
| 5:49 | Mr_PrIMeZ · wall_segment Palisade Wall x1 |
| 6:21 | Mr_PrIMeZ · wall_segment Palisade Wall x1 |
| 6:22 | Mr_PrIMeZ · wall_segment Palisade Wall x1 |
| 6:22 | Mr_PrIMeZ · wall_segment Palisade Wall x1 |
| 6:22 | Mr_PrIMeZ · wall_segment Palisade Wall x2 |
| 6:22 | Mr_PrIMeZ · wall_segment Palisade Wall x1 |
| 6:23 | Mr_PrIMeZ · wall_segment Palisade Wall x1 |
| 6:39 | Chili · wall_segment Palisade Wall x1 |
| 7:20 | Chili · first_building Donjon |
| 7:35 | Mr_PrIMeZ · wall_segment Palisade Wall x2 |
| 7:39 | Mr_PrIMeZ · wall_segment Palisade Wall x1 |
| 7:39 | Mr_PrIMeZ · wall_segment Palisade Wall x1 |
| 7:40 | Mr_PrIMeZ · wall_segment Palisade Wall x1 |
| 7:41 | Mr_PrIMeZ · wall_segment Palisade Wall x1 |
| 8:44 | Chili · wall_segment Palisade Wall x1 |
| 10:08 | Chili · wall_segment Palisade Wall x1 |
| 11:20 | Mr_PrIMeZ · wall_segment Palisade Wall x1 |
| 11:23 | Chili · age_up feudal |
| 11:34 | Mr_PrIMeZ · age_up feudal |
| 11:47 | Chili · wall_segment Palisade Wall x6 |
| 12:15 | Chili · wall_segment Palisade Wall x7 |
| 12:16 | Mr_PrIMeZ · wall_segment Palisade Wall x1 |
| 12:39 | Mr_PrIMeZ · first_building Archery Range |
| 12:53 | Chili · wall_segment Palisade Wall x1 |
| 12:53 | Chili · wall_segment Palisade Wall x1 |
| 13:00 | Mr_PrIMeZ · wall_segment Palisade Wall x6 |
| 13:12 | Mr_PrIMeZ · wall_segment Palisade Wall x1 |
| 13:12 | Mr_PrIMeZ · wall_segment Palisade Wall x1 |
| 13:13 | Mr_PrIMeZ · wall_segment Palisade Wall x1 |
| 13:19 | Mr_PrIMeZ · wall_segment Palisade Wall x7 |
| 13:22 | Mr_PrIMeZ · wall_segment Palisade Wall x11 |
| 13:29 | Mr_PrIMeZ · wall_segment Palisade Wall x12 |
| 13:51 | Chili · wall_segment Palisade Wall x4 |
| 13:57 | Chili · wall_segment Palisade Wall x6 |
| 14:03 | Mr_PrIMeZ · wall_segment Palisade Wall x6 |
| 16:13 | Chili · wall_segment Palisade Wall x2 |
| 16:21 | Mr_PrIMeZ · wall_segment Palisade Wall x1 |
| 16:22 | Mr_PrIMeZ · wall_segment Palisade Wall x1 |
| 17:35 | Chili · first_market_buy 100 food |
| 17:39 | Chili · first_market_sell 100 wood |
| 19:15 | Mr_PrIMeZ · wall_segment Palisade Wall x1 |
| 19:16 | Mr_PrIMeZ · wall_segment Palisade Wall x1 |
| 19:17 | Mr_PrIMeZ · wall_segment Palisade Wall x1 |
| 19:22 | Mr_PrIMeZ · wall_segment Palisade Wall x1 |
| 19:43 | Mr_PrIMeZ · wall_segment Palisade Wall x1 |
| 19:43 | Mr_PrIMeZ · wall_segment Palisade Wall x1 |
| 19:44 | Mr_PrIMeZ · wall_segment Palisade Wall x1 |
| 19:44 | Mr_PrIMeZ · wall_segment Palisade Wall x1 |
| 19:45 | Mr_PrIMeZ · wall_segment Palisade Wall x1 |
| 19:46 | Mr_PrIMeZ · wall_segment Palisade Wall x1 |
| 19:46 | Mr_PrIMeZ · wall_segment Palisade Wall x1 |
| 20:50 | Mr_PrIMeZ · wall_segment Palisade Wall x1 |
| 20:50 | Mr_PrIMeZ · wall_segment Palisade Wall x1 |
| 21:21 | Chili · wall_segment Palisade Wall x1 |
| 21:28 | Mr_PrIMeZ · wall_segment Palisade Wall x1 |
| 21:35 | Mr_PrIMeZ · first_market_buy 100 food |
| 22:33 | Mr_PrIMeZ · wall_segment Palisade Wall x1 |
| 23:40 | Mr_PrIMeZ · wall_segment Palisade Wall x1 |
| 24:05 | Mr_PrIMeZ · age_up castle |
| 24:10 | Chili · resign |
[ AI ANALYSIS · 1 CREDIT ]
What really happened in this match?
Wolo.gg analyzes every decision: build order, eco, micro, common mistakes by bracket. Personalized analysis on WhatsApp or Discord in 30 seconds.
Civ guide
Persians
Perfil
Jugador #4521457